AoeStats
← Kaiser Ze

Black Forest

509129597Analyzed
4v4 RM · 7d ago on Sep 25, 2026· 38m 35s· 8 players
Game mode
Random Map
Map size
Large (8 player)
Population
200
Speed
Normal
Resources
Standard
Victory
Conquest
Starting age
Dark Age
Ending age
Imperial Age
RankedLock teamsTeams togetherTeam positionsShared explorationLock speedFull tech treeHidden civsTurbo modeCheats
Victory
Defeat
🇺🇸 Khmer · United States
1467
+14
🇷🇺 Muisca · Russia
1420
+16
🇨🇱 Inca · Chile
1408
+16
🇧🇷 Malay · Brazil
1394
+16
🇹🇷 Gurjaras · Türkiye
1458
-17
🇨🇳 Berbers · China
1444
-17
🇨🇳 Burmese · China
1393
-15
🇩🇪 Portuguese · Germany
1357
-13
[ GG ] SHAKA
2:07 Loom
12:11 Feudal Age
11:56 Double-Bit Axe
20:29 Castle Age
18:40 Fishing Lines
19:06 Gold Mining
19:16 Horse Collar
19:54 Forging
21:32 Bow Saw
24:35 Heavy Plow
26:47 Wheelbarrow
31:31 Imperial Age
29:39 Husbandry
32:07 Crop Rotation
33:36 Hand Cart
33:01 Elite Battle Elephant
37:07 Masonry
36:38 Treadmill Crane
37:59 Chemistry
39:07 Iron Casting
38:37 Scale Barding Armor
LE FURET
3:28 Loom
11:01 Feudal Age
13:24 Double-Bit Axe
18:56 Fletching
21:09 Castle Age
20:43 Padded Archer Armor
22:24 Bow Saw
21:36 Crossbowman
22:16 Bodkin Arrow
22:58 Wheelbarrow
23:51 Pikeman
25:35 Leather Archer Armor
YuriiVegas
0:53 Loom
11:13 Feudal Age
11:46 Champi Runner
15:42 Double-Bit Axe
18:23 Horse Collar
21:35 Forging
24:04 Wheelbarrow
23:31 Town Watch
27:48 Castle Age
26:51 Scale Mail Armor
28:32 Squires
32:46 Imperial Age
30:23 Gold Mining
30:45 Bow Saw
30:36 Heavy Plow
32:20 Gold Shaft Mining
31:50 Stone Mining
33:17 Elite Temple Guard
35:21 Chain Mail Armor
37:10 Plate Mail Armor
38:18 Iron Casting
UBERstrats
12:02 Feudal Age
15:53 Castle Age
14:11 Double-Bit Axe
14:36 Horse Collar
16:18 Scale Barding Armor
20:44 Loom
21:37 Wheelbarrow
20:47 Town Watch
21:35 Heavy Plow
24:01 Chain Barding Armor
24:38 Bloodlines
24:29 Husbandry
25:46 Forging
27:09 Gold Mining
28:16 Hand Cart
28:15 Bow Saw
29:53 Iron Casting
36:08 Imperial Age
36:12 Elite Battle Elephant
37:29 Plate Barding Armor
37:54 Blast Furnace
37:59 Crop Rotation
38:19 Stone Mining
CBRM
0:41 Loom
10:21 Feudal Age
12:00 Double-Bit Axe
14:30 Wheelbarrow
13:56 Fletching
20:19 Castle Age
18:15 Horse Collar
20:54 Fishing Lines
27:43 Town Watch
29:56 Hand Cart
30:39 Heavy Plow
30:50 Bow Saw
30:32 Gold Mining
30:48 Arson
31:14 Kshatriyas
31:25 Padded Archer Armor
31:56 Bodkin Arrow
32:54 Leather Archer Armor
33:28 Thumb Ring
36:41 Imperial Age
35:30 Forging
36:18 Gold Shaft Mining
36:10 Gillnets
36:48 Elite Elephant Archer
37:53 Ballistics
38:34 Chemistry
37:39 Bracer
39:12 Conscription
mad Iltis
1:11 Loom
15:39 Feudal Age
16:32 Horse Collar
18:51 Double-Bit Axe
下雨天。。。。
7:32 Loom
11:27 Feudal Age
15:34 Castle Age
13:57 Double-Bit Axe
16:37 Bow Saw
17:44 Fishing Lines
17:55 Horse Collar
22:01 Wheelbarrow
22:41 Heavy Plow
22:33 Gold Mining
23:22 Forging
23:17 Scale Barding Armor
24:24 Gold Shaft Mining
25:21 Iron Casting
25:59 Chain Barding Armor
26:37 Bloodlines
26:28 Husbandry
30:13 Gillnets
Kaiser Ze
1:41 Loom
11:16 Feudal Age
12:43 Horse Collar
15:30 Castle Age
15:00 Wheelbarrow
17:44 Fishing Lines
25:30 Hand Cart
27:53 Imperial Age
26:12 Gillnets
27:42 Town Watch
28:08 Forging
28:03 Scale Barding Armor
28:11 Bloodlines
28:02 Husbandry
29:15 Iron Casting
30:04 Elite Battle Elephant
32:37 Blast Furnace
31:58 Chain Barding Armor
34:26 Conscription
Connection lost

Rejoining the realm…

Still unreachable

The connection could not be restored.

Session expired

The server has moved on; the page needs a fresh start.